 Dungeon Crawl Stone Soup version 0.26-a0-646-g5d7718319a (webtiles) character file.

Game seed: 7731517091921781730

29 Ijustatesigmund the Skirmisher (level 3, 28/29 HPs)
             Began as a Demonspawn Fighter on Sept 24, 2020.
             Quit the game on level 2 of the Dungeon.
             The game lasted 00:01:37 (851 turns).

Ijustatesigmund the Skirmisher (Demonspawn Fighter)  Turns: 851, Time: 00:01:37

Health: 28/29      AC:  5    Str: 16    XL:     3   Next: 1%
Magic:  3/3        EV:  9    Int:  9    God:
Gold:   72         SH:  8    Dex: 13    Spells: 2/2 levels left

rFire    + . .     SeeInvis .   a - +0 war axe
rCold    . . .     Faith    .   c - +0 kite shield
rNeg     . . .     Spirit   .   b - +1 leather armour {rF+}
rPois    .         Reflect  .   (no helmet)
rElec    .         Harm     .   (no cloak)
rCorr    .         Rampage  .   f - +0 pair of gloves
MR       .....                  (no boots)
Stlth    +.........             (no amulet)
HPRegen  0.09/turn              (no ring)
MPRegen  0.08/turn              (no ring)

@: no status effects
A: claws 1, talons 1
a: no special abilities


You were on level 2 of the Dungeon.
You visited 1 branch of the dungeon, and saw 2 of its levels.

You collected 72 gold pieces.

Inventory:

Hand Weapons
 a - a +0 war axe (weapon)
Armour
 b - a +1 leather armour of fire resistance (worn)
 c - a +0 kite shield (worn)
 f - a +0 pair of gloves (worn)
Potions
 d - 2 potions of might
 e - 2 potions of curing {unknown}


   Skills:
 + Level 3.3 Fighting
 * Level 2.6 Axes
 - Level 2.6 Armour
 + Level 1.0 Dodging
 - Level 2.6 Shields


You had 2 spell levels left.
You didn't know any spells.
Your spell library was empty.

Dungeon Overview and Level Annotations

Branches:
Dungeon (2/15)

Altars:


Innate Abilities, Weirdness & Mutations

You have sharp fingernails.
You have sharp toenails.


Message History

The giant cockroach is heavily wounded.
You hit the hobgoblin. You block the hobgoblin's attack.
You block the giant cockroach's attack.
The hobgoblin hits you but does no damage.
Your shield and leather armour prevent you from hitting the hobgoblin.
The hobgoblin is severely wounded.
You hit the giant cockroach.
You kill the giant cockroach!
The hobgoblin hits you with a +0 club.
A rat comes into view.
You slash the hobgoblin!
You kill the hobgoblin!
You have reached level 3!
Your experience leads to an increase in your attributes!
Increase (S)trength, (I)ntelligence, or (D)exterity?
You feel agile.
Your demonic ancestry asserts itself...
Your toenails lengthen and sharpen.
A goblin comes into view. It is wielding a +0 club.
The goblin moves out of view.
Are you sure you want to abandon this character and quit the game? (Confirm with "yes".)

#..
#####..###
..####......#
.......###.##
#.####.....#
#. ##..###.#
#!##..## #.#
##. #..#.##
#..
...r.##...#
..## #..)@.##
#.. ##..†##
##. #.#.. .
#.#..# ..#...
.. ..... .##
..### ## #.#


You could see a rat.

Vanquished Creatures
  An adder (D:2)
  A dart slug (D:1)
  A leopard gecko (D:1)
  2 giant cockroaches
  4 hobgoblins
  A frilled lizard (D:1)
  2 goblins (D:1)
  2 kobolds (D:1)
  4 rats (D:1)
18 creatures vanquished.

Notes
Turn   | Place    | Note
-------+----------+-------------------------------------------
     0 | D:1      | Ijustatesigmund the Demonspawn Fighter began the quest for
                  | the Orb.
     0 | D:1      | Reached XP level 1. HP: 18/18 MP: 1/1
   161 | D:1      | Gained mutation: You have sharp fingernails. [demonic
                  | ancestry]
   161 | D:1      | Reached XP level 2. HP: 18/24 MP: 2/2
   604 | D:2      | Reached skill level 1 in Dodging
   850 | D:2      | Gained mutation: You have sharp toenails. [demonic
                  | ancestry]
   850 | D:2      | Reached XP level 3. HP: 27/29 MP: 3/3
   851 | D:2      | Quit the game

Illustrated notes

Levels and vault maps discovered:
D:1:      mushboom_english_gardens, layout_rooms, due_unseen_surprise
D:2:      layout_rooms

Skill      XL: |  1  2 |
---------------+-------+-----
Axes           | 2 |  2.6
Dodging        | 1 |  1.0
Fighting       | |  3.3
Armour         | |  2.6
Shields        | |  2.6

Action                   || total
-------------------------++-------
Melee: War axe           ||    46
  Use: Scroll            ||     2
Armor: Scale mail        ||    11
       Leather armour    ||     6
Dodge: Dodged            ||    16
Block: Kite shield       ||    21

Table legend: (Time is in decaauts)
 A = Elapsed time spent in this place.
 B = Non-inter-level travel time spent in this place.
 C = Inter-level travel time spent in this place.
 D = Time resting spent in this place.
 E = Time spent auto-exploring this place.
 F = Levels seen in this place.
 G = Mean time per level.
                   A        B        C        D        E       F      G
               +--------+--------+--------+--------+--------+-----+--------+
         Total |    873 |    868 |      5 |    303 |    419 |   2 |  436.5 |
       Dungeon |    873 |    868 |      5 |    303 |    419 |   2 |  436.5 |
               +--------+--------+--------+--------+--------+-----+--------+

Top non-repeatable levels by time:
     D:1: 609 daAuts
     D:2: 263 daAuts
